 Dungeon Crawl Stone Soup version 0.18-a0-1574-g3f9d221 (webtiles) character file.

81 Gottschkopf the Ruffian (level 4, -3/35 HPs)
             Began as a Draconian Transmuter on Mar 16, 2016.
             Succumbed to Sigmund's poison
             ... on level 2 of the Dungeon.
             The game lasted 00:03:45 (1646 turns).

Gottschkopf the Ruffian (Draconian Transmuter)      Turns: 1646, Time: 00:03:45

Health: -3/35      AC:  5    Str: 12    XL:     4   Next: 20%
Magic:  5/7        EV: 12    Int: 15    God:
Gold:   59         SH:  0    Dex: 11    Spells: 3 memorised, 1 level left

rFire  + . .     SeeInvis .       - Unarmed
rCold  . . .     Gourm    .     (armour unavailable)
rNeg   . . .     Faith    .     (no shield)
rPois  .         Spirit   .     (helmet restricted)
rElec  .         Dismiss  .     (no cloak)
rCorr  .         Reflect  .     (no gloves)
SustAt .         Harm     .     (no boots)
MR     .....                    (no amulet)
Stlth  +.........               (no ring)
                                f - ring of protection from fire

@: lethally poisoned (-3 -> -64), flying, not resistant to hostile enchantments,
very unstealthy
A: unfitting armour, cold-blooded, AC +5
a: no special abilities


You were on level 2 of the Dungeon.
You were not hungry.

You visited 1 branch of the dungeon, and saw 2 of its levels.

You collected 59 gold pieces.

Inventory:

Missiles
 a - 20 arrows
Jewellery
 f - a ring of protection from fire (left hand)
Scrolls
 e - 2 scrolls of amnesia {unknown}
 h - a scroll of fear {unknown}
 k - a scroll of fog {unknown}
Books
 b - a book of Changes

   Spells                             Type                      Level
   a - Beastly Appendage              Transmutation                1
   b - Sticks to Snakes               Transmutation                2
   c - Spider Form                    Transmutation/Poison         3
   d - Ice Form                       Ice/Transmutation            4
   e - Blade Hands                    Transmutation                5
Comestibles
 c - 3 bread rations
 d - a meat ration
 g - 2 beef jerkies
 j - 9 chunks of flesh


   Skills:
 - Level 1.1 Fighting
 - Level 1.7 Dodging
 - Level 4.2 Unarmed Combat
 - Level 2.0 Spellcasting
 + Level 2.4 Transmutations
 * Level 1.9 Poison Magic


You had one spell level left.
You knew the following spells:

 Your Spells              Type           Power        Failure   Level  Hunger
a - Beastly Appendage     Trmt           #.....       12%         1    #......
b - Sticks to Snakes      Trmt           #.......     14%         2    ###....
c - Spider Form           Trmt/Pois      #.........   30%         3    ###....


Dungeon Overview and Level Annotations

Branches:
Dungeon (2/15)

Altars:

Annotations:
D:2 Sigmund


Innate Abilities, Weirdness & Mutations

Your plain brown scales are hard (AC +5).
Your body does not fit into most forms of armour.
You are cold-blooded and may be slowed by cold attacks.


Message History

a club; 25 stones You hit something.
You feel sick. Something hits you.
You are more poisoned.
You hit something but do no damage.
You feel very sick.
You barely miss something.
You feel very sick. Something hits you!
* * * LOW HITPOINT WARNING * * *
You are more poisoned.
You hit something.
* * * LOW HITPOINT WARNING * * *
You feel very sick. Something closely misses you.
Drink which item? (? for menu, Esc to quit)
It was a potion of flight.
You feel very buoyant.
You fly up into the air.
Your transformation has ended.
You die...

#. #.####....####
######. #......##.#
.....#. ###.......#
..$.... ......#..######
....... ###............
....... ######.######
....... #######....###
....[..####....)........
......{@†..(########.###
......####### ..# .....
... .... #. ... . .. .


There were no monsters in sight!

Vanquished Creatures
  3 adders (D:2)
  An ooze (D:1)
  2 worms (D:2)
  2 giant geckos (D:1)
  A giant cockroach (D:1)
  9 hobgoblins
  7 jackals (D:2)
  3 kobolds
  A quokka (D:2)
  2 ball pythons (D:2)
  6 bats
  4 giant newts
  A rat (D:2)
42 creatures vanquished.

Notes
Turn   | Place    | Note
--------------------------------------------------------------
     0 | D:1      | Gottschkopf the Draconian Transmuter began the quest for the Orb.
     0 | D:1      | Reached XP level 1. HP: 16/16 MP: 3/3
   181 | D:1      | Reached XP level 2. HP: 23/23 MP: 3/5
   437 | D:1      | Reached skill level 4 in Unarmed Combat
   785 | D:2      | Reached XP level 3. HP: 17/28 MP: 4/6
   789 | D:2      | Learned a level 2 spell: Sticks to Snakes
   793 | D:2      | Learned a level 3 spell: Spider Form
  1064 | D:2      | Reached skill level 1 in Poison Magic
  1616 | D:2      | Noticed Sigmund
  1625 | D:2      | Reached XP level 4. HP: 27/35 MP: 7/7
  1646 | D:2      | Succumbed to Sigmund's poison

Vault maps used:
D:1:      dpeg_arrival_snail
D:2:      first_bread, bh_chokoban, uniq_sigmund

Skill      XL: |  1  2  3 |
---------------+----------+-----
Unarmed Combat | 4 |  4.2
Poison Magic   | 1 |  1.9
Fighting       | |  1.1
Dodging        | |  1.7
Spellcasting   | |  2.0
Transmutations | |  2.4

Action                   |  1- 3 |  4- 6 || total
-------------------------+-------+-------++-------
Melee: Unarmed           |   139 |    17 ||   156
 Cast: Beastly Appendage |    16 |       ||    16
       Spider Form       |       |     1 ||     1
  Use: Potion            |       |     1 ||     1
  Eat: Chunk             |     3 |       ||     3
